SAAA
JERSEY CITY SUN CAPS @ PHOENIX HOTSPUR RESERVES
08/30/2020
 
TOP OF THE 1ST
Jersey City Sun Caps batting - Pitching for Phoenix Hotspur Reserves : RHP Cory Sanders
Pitching: RHP Cory Sanders
Batting: RHB Oscar Lewis 0-0: Bunt for hit - play at first, batter safe!
Batting: RHB Jonah Moody 0-0: Called Strike
0-1: Called Strike
0-2: Foul Ball, location: 2F
0-2: Strikes out swinging
Batting: RHB Brandon Reed 0-0: Grounds into double play, 5-4-3 (Groundball, 5)
Top of the 1st over - 0 run(s), 1 hit(s), 0 error(s), 0 left on base; Jersey City 0 - Phoenix 0
BOTTOM OF THE 1ST
Phoenix Hotspur Reserves batting - Pitching for Jersey City Sun Caps : RHP Jim Unknown
Pitching: RHP Jim Unknown
Batting: SHB Roberto López 0-0: Called Strike
0-1: Ground out 3-1 (Groundball, 34)
Batting: LHB Alberto Torres 0-0: Called Strike
0-1: DOUBLE (Flyball, 78XD) - OUT at third base trying to stretch hit.
Batting: RHB Paul Campbell 0-0: Ball
1-0: Foul Ball, location: 2F
1-1: Ground out 5-3 (Groundball, 56S)
Bottom of the 1st over - 0 run(s), 1 hit(s), 0 error(s), 0 left on base; Jersey City 0 - Phoenix 0
TOP OF THE 2ND
Jersey City Sun Caps batting - Pitching for Phoenix Hotspur Reserves : RHP Cory Sanders
Batting: RHB Tony Quintana 0-0: Ball
1-0: Swinging Strike
1-1: Swinging Strike
1-2: Ball
2-2: Ball
3-2: Strikes out swinging
Batting: LHB Rick Watson 0-0: Ball
1-0: Ground out 4-3 (Groundball, 4)
Batting: RHB Raúl Catuncan 0-0: Ball
1-0: Ball
2-0: Foul Ball, location: 2F
2-1: Ball
3-1: Foul Ball, location: 2F
3-2: Base on Balls
Batting: LHB Jesús Pérez 0-0: Called Strike
0-1: Called Strike
0-2: Ball
1-2: Ball
2-2: Ball
3-2: Ground out 1-3 (Groundball, 13S)
Top of the 2nd over - 0 run(s), 0 hit(s), 0 error(s), 1 left on base; Jersey City 0 - Phoenix 0
BOTTOM OF THE 2ND
Phoenix Hotspur Reserves batting - Pitching for Jersey City Sun Caps : RHP Jim Unknown
Batting: LHB Dave Wynn 0-0: DOUBLE (Line Drive, 8RM)
Batting: RHB José Bocanegra 0-0: Called Strike
0-1: Called Strike
0-2: Foul Ball, location: 2F
0-2: Ball
1-2: Fly out, F8 (Line Drive, 8RD)
Batting: LHB Edgardo Téllez 0-0: Ball
1-0: Ball
2-0: Foul Ball, location: 2F
2-1: Fly out, F7 (Flyball, 7LMF)
Batting: RHB Greg Griffin 0-0: Ball
1-0: Ball
2-0: Called Strike
2-1: Called Strike
2-2: Ball
3-2: Strikes out swinging
Bottom of the 2nd over - 0 run(s), 1 hit(s), 0 error(s), 1 left on base; Jersey City 0 - Phoenix 0
TOP OF THE 3RD
Jersey City Sun Caps batting - Pitching for Phoenix Hotspur Reserves : RHP Cory Sanders
Batting: RHB Christian O'Dell 0-0: Called Strike
0-1: Ball
1-1: SINGLE (Groundball, 6MD)
Batting: RHB Roy Williams 0-0: Called Strike
0-1: Called Strike
0-2: Ball
1-2: Foul Ball, location: 2F
1-2: Foul Ball, location: 2F
1-2: Ball
2-2: Foul Ball, location: 2F
2-2: Ball
3-2: Foul Ball, location: 2F
3-2: Strikes out swinging
Batting: RHB Oscar Lewis 0-0: Called Strike
0-1: Called Strike
0-2: Fielders Choice at 2nd, U6 (Groundball, 6M)
Batting: RHB Jonah Moody 0-0: Called Strike
Oscar Lewis steals 2nd base
0-1: Ground out 5-3 (Groundball, 5)
Top of the 3rd over - 0 run(s), 1 hit(s), 0 error(s), 1 left on base; Jersey City 0 - Phoenix 0
BOTTOM OF THE 3RD
Phoenix Hotspur Reserves batting - Pitching for Jersey City Sun Caps : RHP Jim Unknown
Batting: RHB Jaime Chavarriaga 0-0: Foul Ball, location: 2F
0-1: Ball
1-1: Ground out 5-3 (Groundball, 56)
Batting: SHB John Jenkins 0-0: Called Strike
0-1: Foul Ball, location: 2F
0-2: Strikes out swinging
Batting: SHB Roberto López 0-0: Foul Ball, location: 2F
0-1: Ball
1-1: Ball
2-1: Foul Ball, location: 2F
2-2: DOUBLE (Line Drive, 78M)
Batting: LHB Alberto Torres 0-0: Hit by Pitch
Batting: RHB Paul Campbell 0-0: Called Strike
0-1: Ball
1-1: Ball
2-1: Ground out 4-3 (Groundball, 4)
Bottom of the 3rd over - 0 run(s), 1 hit(s), 0 error(s), 2 left on base; Jersey City 0 - Phoenix 0
TOP OF THE 4TH
Jersey City Sun Caps batting - Pitching for Phoenix Hotspur Reserves : RHP Cory Sanders
Batting: RHB Brandon Reed 0-0: Foul Ball, location: 2F
0-1: Called Strike
0-2: Ball
1-2: Strikes out swinging
Batting: RHB Tony Quintana 0-0: Foul Ball, location: 2F
0-1: Foul Ball, location: 2F
0-2: Ball
1-2: Ball
2-2: Strikes out swinging
Batting: LHB Rick Watson 0-0: Ball
1-0: Swinging Strike
1-1: Foul Ball, location: 2F
1-2: Foul Ball, location: 2F
1-2: Foul Ball, location: 2F
1-2: Foul Ball, location: 2F
1-2: Strikes out looking
Top of the 4th over - 0 run(s), 0 hit(s), 0 error(s), 0 left on base; Jersey City 0 - Phoenix 0
BOTTOM OF THE 4TH
Phoenix Hotspur Reserves batting - Pitching for Jersey City Sun Caps : RHP Jim Unknown
Batting: LHB Dave Wynn 0-0: Ball
1-0: Foul Ball, location: 2F
1-1: Foul Ball, location: 2F
1-2: Ball
2-2: SOLO HOME RUN (Flyball, 8LXD), Distance : 441 ft
Batting: RHB José Bocanegra 0-0: Swinging Strike
0-1: Ball
1-1: Called Strike
1-2: Ball
2-2: Ball
3-2: Base on Balls
Batting: LHB Edgardo Téllez 0-0: Called Strike
0-1: Ball
1-1: Fly out, F4 (Line Drive, 4)
Batting: RHB Greg Griffin 0-0: Fly out, F8 (Flyball, 78S)
Batting: RHB Jaime Chavarriaga 0-0: Called Strike
José Bocanegra steals 2nd base
0-1: SINGLE (Line Drive, 34D)
José Bocanegra to third
Runner from 3rd tries for Home, throw and OUT!
Bottom of the 4th over - 1 run(s), 2 hit(s), 0 error(s), 1 left on base; Jersey City 0 - Phoenix 1
TOP OF THE 5TH
Jersey City Sun Caps batting - Pitching for Phoenix Hotspur Reserves : RHP Cory Sanders
Batting: RHB Raúl Catuncan 0-0: Ball
1-0: Swinging Strike
1-1: Ball
2-1: Called Strike
2-2: Ground out 5-3 (Groundball, 56)
Batting: LHB Jesús Pérez 0-0: Foul Ball, location: 2F
0-1: Fly out, F8 (Flyball, 78M)
Batting: RHB Christian O'Dell 0-0: Swinging Strike
0-1: Ball
1-1: Called Strike
1-2: Foul Ball, location: 2F
1-2: Fly out, F7 (Flyball, 7D)
Top of the 5th over - 0 run(s), 0 hit(s), 0 error(s), 0 left on base; Jersey City 0 - Phoenix 1
BOTTOM OF THE 5TH
Phoenix Hotspur Reserves batting - Pitching for Jersey City Sun Caps : RHP Jim Unknown
Batting: SHB John Jenkins 0-0: Ball
1-0: Called Strike
1-1: Ground out U3 (Groundball, 3)
Batting: SHB Roberto López 0-0: Swinging Strike
0-1: Foul Ball, location: 2F
0-2: Ball
1-2: Ball
2-2: Ball
3-2: Base on Balls
Batting: LHB Alberto Torres 0-0: Ball
1-0: Ball
2-0: Called Strike
2-1: Foul Ball, location: 2F
2-2: DOUBLE (Flyball, 7LS)
Roberto López to third
Runner from 3rd tries for Home, SAFE, no throw or cutoff
Batting: RHB Paul Campbell 0-0: Ground out 4-3 (Groundball, 4)
Alberto Torres to third
Batting: LHB Dave Wynn 0-0: Ball
Wild Pitch!
Alberto Torres scores
1-0: Ball
2-0: Swinging Strike
2-1: Ball
3-1: Base on Balls
Batting: RHB José Bocanegra 0-0: Called Strike
0-1: Ball
1-1: Ball
2-1: Called Strike
2-2: Ground out 4-3 (Groundball, 4)
Bottom of the 5th over - 2 run(s), 1 hit(s), 0 error(s), 1 left on base; Jersey City 0 - Phoenix 3
TOP OF THE 6TH
Jersey City Sun Caps batting - Pitching for Phoenix Hotspur Reserves : RHP Cory Sanders
Batting: RHB Roy Williams 0-0: SINGLE (Line Drive, 6MD)
Batting: RHB Oscar Lewis 0-0: Sac Bunt - play at second, runner OUT! 5-6
Batting: RHB Jonah Moody 0-0: Ball
Oscar Lewis is caught stealing 2nd base
1-0: DOUBLE (Line Drive, 7LM)
Batting: RHB Brandon Reed 0-0: Ball
1-0: Fly out, F9 (Flyball, 89M)
Top of the 6th over - 0 run(s), 2 hit(s), 0 error(s), 1 left on base; Jersey City 0 - Phoenix 3
BOTTOM OF THE 6TH
Phoenix Hotspur Reserves batting - Pitching for Jersey City Sun Caps : RHP Jim Unknown
Batting: LHB Edgardo Téllez 0-0: Called Strike
0-1: Ball
1-1: Foul Ball, location: 2F
1-2: DOUBLE (Line Drive, 8LD)
Batting: RHB Greg Griffin 0-0: Ball
1-0: Foul Ball, location: 2F
1-1: Foul Ball, location: 2F
1-2: Ball
2-2: DOUBLE (Line Drive, 8LD)
Edgardo Téllez scores
Batting: RHB Jaime Chavarriaga 0-0: Intentional Walk
Batting: SHB John Jenkins 0-0: Grounds into double play, 4-6-3 (Groundball, 4)
Greg Griffin to third
Batting: SHB Roberto López 0-0: Called Strike
0-1: Ball
1-1: Fly out, F2 (Popup, 2LF)
Bottom of the 6th over - 1 run(s), 2 hit(s), 0 error(s), 1 left on base; Jersey City 0 - Phoenix 4
TOP OF THE 7TH
Jersey City Sun Caps batting - Pitching for Phoenix Hotspur Reserves : RHP Cory Sanders
Batting: RHB Tony Quintana 0-0: Ball
1-0: Ball
2-0: Fly out, F9 (Flyball, 9M)
Batting: LHB Rick Watson 0-0: Called Strike
0-1: Ball
1-1: Foul Ball, location: 2F
1-2: Ball
2-2: Foul Ball, location: 2F
2-2: Foul Ball, location: 2F
2-2: Fly out, F7 (Flyball, 7D)
Batting: RHB Raúl Catuncan 0-0: Fly out, F4 (Line Drive, 4)
Top of the 7th over - 0 run(s), 0 hit(s), 0 error(s), 0 left on base; Jersey City 0 - Phoenix 4
BOTTOM OF THE 7TH
Phoenix Hotspur Reserves batting - Pitching for Jersey City Sun Caps : RHP Jim Unknown
Batting: LHB Alberto Torres 0-0: Foul Ball, location: 2F
0-1: Ball
1-1: Ball
2-1: Ball
3-1: Base on Balls
Batting: RHB Paul Campbell 0-0: Ball
1-0: Fly out, F9 (Flyball, 9M)
Batting: LHB Dave Wynn 0-0: Ground out 4-3 (Groundball, 4M)
Alberto Torres to second
Batting: RHB José Bocanegra 0-0: Called Strike
0-1: Ball
1-1: Ball
2-1: Foul Ball, location: 2F
2-2: Foul Ball, location: 2F
2-2: Foul Ball, location: 2F
2-2: Ball
3-2: Foul Ball, location: 2F
3-2: Fly out, F4 (Popup, 34)
Bottom of the 7th over - 0 run(s), 0 hit(s), 0 error(s), 1 left on base; Jersey City 0 - Phoenix 4
TOP OF THE 8TH
Jersey City Sun Caps batting - Pitching for Phoenix Hotspur Reserves : RHP Cory Sanders
Batting: LHB Jesús Pérez 0-0: Called Strike
0-1: Ball
1-1: Ball
2-1: Foul Ball, location: 2F
2-2: Ball
3-2: Foul Ball, location: 2F
3-2: Base on Balls
Batting: RHB Christian O'Dell 0-0: Ball
1-0: Ball
2-0: Ball
3-0: Base on Balls
Jesús Pérez to second
Batting: RHB Roy Williams 0-0: Called Strike
0-1: Foul Ball, location: 2F
0-2: Ball
1-2: Foul Ball, location: 2F
1-2: Ball
2-2: Strikes out swinging
Pitching: RHP Craig Gasnier
Batting: RHB Oscar Lewis 0-0: Ball
1-0: Ball
2-0: SINGLE (Line Drive, 89S)
Jesús Pérez to third
Christian O'Dell to second
Batting: RHB Jonah Moody 0-0: Called Strike
0-1: Swinging Strike
0-2: Foul Ball, location: 2F
0-2: Foul Ball, location: 2F
0-2: Ball
1-2: Ball
2-2: Foul Ball, location: 2F
2-2: Ball
3-2: Strikes out swinging
Batting: RHB Brandon Reed 0-0: Ball
1-0: Ball
2-0: SINGLE (Groundball, 56D)
Jesús Pérez scores
Christian O'Dell to third
Oscar Lewis to second
Runner from 3rd tries for Home, SAFE, no throw or cutoff
Pinch Hitting: LHB Miguel Martínez 0-0: Called Strike
0-1: Called Strike
0-2: SINGLE (Groundball, 5D)
Oscar Lewis to third
Brandon Reed to second
Runner from 3rd tries for Home, SAFE, no throw or cutoff
Batting: LHB Rick Watson 0-0: Swinging Strike
0-1: Ball
1-1: Ball
2-1: Ball
3-1: Fly out, F7 (Flyball, 78M)
Top of the 8th over - 3 run(s), 3 hit(s), 0 error(s), 2 left on base; Jersey City 3 - Phoenix 4
BOTTOM OF THE 8TH
Phoenix Hotspur Reserves batting - Pitching for Jersey City Sun Caps : RHP Jim Unknown
Now at 1B: Miguel Martínez
Batting: LHB Edgardo Téllez 0-0: Called Strike
0-1: Called Strike
0-2: Strikes out swinging
Batting: RHB Greg Griffin 0-0: Ball
1-0: Ball
2-0: Called Strike
2-1: Swinging Strike
2-2: Ground out 6-3 (Groundball, 6)
Batting: RHB Jaime Chavarriaga 0-0: Called Strike
0-1: SINGLE (Line Drive, 34D)
Batting: SHB John Jenkins 0-0: Ball
1-0: Ball
2-0: SINGLE (Groundball, 34D)
Jaime Chavarriaga to second
Runner from 2nd tries for 3rd, SAFE, no throw or cutoff
Pitching: RHP Jim Unknown
Batting: SHB Roberto López 0-0: Foul Ball, location: 2F
0-1: Ball
1-1: Foul Ball, location: 2F
1-2: SINGLE (Groundball, 56D)
Jaime Chavarriaga scores
John Jenkins to second
Batting: LHB Alberto Torres 0-0: Ball
1-0: Hit by Pitch
John Jenkins to third
Roberto López to second
Batting: RHB Paul Campbell 0-0: Called Strike
0-1: Fly out, F8 (Popup, 8LS)
Bottom of the 8th over - 1 run(s), 3 hit(s), 0 error(s), 3 left on base; Jersey City 3 - Phoenix 5
TOP OF THE 9TH
Jersey City Sun Caps batting - Pitching for Phoenix Hotspur Reserves : RHP Craig Gasnier
Pitching: RHP Rewa Malaki
Batting: RHB Raúl Catuncan 0-0: Ball
1-0: Ball
2-0: Called Strike
2-1: Foul Ball, location: 2F
2-2: Ball
3-2: Ground out 6-3 (Groundball, 6)
Batting: LHB Jesús Pérez 0-0: Called Strike
0-1: Swinging Strike
0-2: Ground out 4-3 (Groundball, 4)
Batting: RHB Christian O'Dell 0-0: Ball
1-0: Foul Ball, location: 2F
1-1: Foul Ball, location: 2F
1-2: Ball
2-2: Ball
3-2: Foul Ball, location: 2F
3-2: Base on Balls
Batting: RHB Roy Williams 0-0: Ball
1-0: Ball
2-0: Called Strike
2-1: Swinging Strike
2-2: SINGLE (Groundball, 4MD)
Christian O'Dell to second
Runner from 2nd tries for 3rd, SAFE, throw made to third
Batting: RHB Oscar Lewis 0-0: Ball
1-0: Ball
2-0: Ball
3-0: Base on Balls
Roy Williams to second
Pinch Hitting: RHB Christian O'Neal 0-0: Ground out 6-3 (Groundball, 56)
Top of the 9th over - 0 run(s), 1 hit(s), 0 error(s), 3 left on base; Jersey City 3 - Phoenix 5
This league is powered by Out of the Park Baseball, the baseball management simulation game for PC, Mac and Linux
Friday, October 23rd, 2015 - OOTP Baseball 16.9 Build 39